 Dungeon Crawl Stone Soup version 0.28-a0-589-g333b8329f1 (webtiles) character file.

Game seed: 3101812918433012711

64 bande the Covered (level 4, -3/28 HPs)
             Began as a Gargoyle Fighter on Oct 3, 2021.
             Slain by a wyvern skeleton (9 damage)
             ... on level 3 of the Dungeon.
             The game lasted 00:02:47 (1732 turns).

bande the Covered (Gargoyle Fighter)                Turns: 1732, Time: 00:02:48

Health: -3/28      AC: 15    Str: 20    XL:     4   Next: 12%
Magic:  4/4        EV:  9    Int: 12    God:
Gold:   157        SH:  5    Dex:  9    Spells: 3/3 levels left

rFire   . . .      SeeInvis .   a - +0 war axe
rCold   . . .      Faith    .   c - +1 buckler
rNeg    + . .      Spirit   .   b - +0 scale mail
rPois   ∞          Reflect  .   i - +2 helmet {Int+3}
rElec   +          Harm     .   (no cloak)
rCorr   .          Rampage  .   j - +0 pair of gloves
Will    .....                   (no boots)
Stlth   ..........              (no amulet)
HPRegen 0.09/turn               (no ring)
MPRegen 0.09/turn               (no ring)

@: no status effects
A: sickness immunity, AC +3, negative energy resistance 1, electricity
resistance, torment resistance 1, petrification resistance
a: no special abilities


You were on level 3 of the Dungeon.
You visited 1 branch of the dungeon, and saw 3 of its levels.

You collected 157 gold pieces.

Inventory:

Hand Weapons
 a - a +0 war axe (weapon)
Armour
 b - a +0 scale mail (worn)
 c - a +1 buckler (worn)
 i - a +2 helmet of intelligence (worn)
 j - a +0 pair of gloves (worn)
Jewellery
 f - an amulet of reflection
Potions
 d - a potion of might
 e - a potion of cancellation
 g - a potion of flight {unknown}
 h - a potion of brilliance {unknown}


   Skills:
 + Level 3.6 Fighting
 + Level 2.7 Axes
 + Level 4.1 Armour
 + Level 3.7 Shields


You had 3 spell levels left.
You didn't know any spells.
Your spell library contained the following spells:

 Spells                   Type           Power      Damage    Failure   Level
 Corpse Rot               Necr/Air       N/A        N/A       82%         2
 Poisonous Vapours        Pois/Air       0%         N/A       82%         2
 Summon Forest            Summ/Tloc      0%         N/A       100%        5
 Eringya's Noxious Bog    Tmut/Pois      0%         N/A       100%        6
 Summon Hydra             Summ           0%         N/A       100%        7


Dungeon Overview and Level Annotations

Branches:
Dungeon (3/15)

Altars:


Innate Abilities, Weirdness & Mutations

You are immune to sickness and miasma.
Your stone body is resilient. (AC +3)
You are immune to poison.
You resist negative energy. (rN+)
You are resistant to electric shocks. (rElec)
You are resistant to unholy torment.
You are immune to petrification.


Message History

Your scale mail prevents you from hitting the wyvern skeleton.
The wyvern skeleton is moderately damaged.
The wyvern skeleton bites you but does no damage.
You barely miss the wyvern skeleton.
The wyvern skeleton is moderately damaged.
The wyvern skeleton bites you but does no damage.
The wyvern skeleton bites you!
You hit the wyvern skeleton but do no damage.
The wyvern skeleton is moderately damaged.
The wyvern skeleton bites you.
The wyvern skeleton bites you but does no damage.
You barely miss the wyvern skeleton.
The wyvern skeleton is moderately damaged.
The wyvern skeleton bites you. x2
You are too injured to fight recklessly!
You are too injured to fight recklessly!
You are too injured to fight recklessly!
You are too injured to fight recklessly!
You are too injured to fight recklessly!
You are too injured to fight recklessly!
You hit the wyvern skeleton but do no damage.
The wyvern skeleton is moderately damaged.
You block the wyvern skeleton's attack.
You hit the wyvern skeleton but do no damage.
The wyvern skeleton is moderately damaged.
You block the wyvern skeleton's attack.
The wyvern skeleton completely misses you.
You hit the wyvern skeleton.
The wyvern skeleton is moderately damaged.
The wyvern skeleton bites you.
* * * LOW HITPOINT WARNING * * *
The wyvern skeleton barely misses you.
You hit the wyvern skeleton.
The wyvern skeleton is heavily damaged.
The wyvern skeleton bites you but does no damage.
The wyvern skeleton barely misses you.
You barely miss the wyvern skeleton.
The wyvern skeleton is heavily damaged.
The wyvern skeleton bites you!
You die...

#.# ##.# ...#
#..# ####..#
###.....#######
#...<.Z........
#<#.###@####
#######.#.# #.#
#.......#.# #.#
##.#######.#
#.#
###...######.#
#.#
....#........#
#)#
###...########
#.# ##.######
#.# ####......#
###.#


You could see a wyvern skeleton.

Vanquished Creatures
  3 adders (D:2)
  A dart slug (D:2)
  8 bats
  A giant cockroach (D:1)
  3 hobgoblins
  2 jackals (D:2)
  2 quokkas
  2 ball pythons
  4 frilled lizards
  4 goblins
  6 kobolds
36 creatures vanquished.

Notes
Turn   | Place    | Note
-------+----------+-------------------------------------------
     0 | D:1      | bande the Gargoyle Fighter began the quest for the Orb.
     0 | D:1      | Reached XP level 1. HP: 14/14 MP: 1/1
    84 | D:1      | Reached XP level 2. HP: 14/19 MP: 2/2
   817 | D:2      | Reached XP level 3. HP: 23/23 MP: 3/3
  1258 | D:2      | Reached skill level 4 in Armour
  1259 | D:2      | Reached XP level 4. HP: 20/28 MP: 4/4
  1638 | D:3      | Identified a scroll of acquirement
  1638 | D:3      | Acquired a +2 helmet of intelligence
  1732 | D:3      | Slain by a wyvern skeleton

Illustrated notes

Levels and vault maps discovered:
D:1:      nzn_arrival_water_spiral, layout_basic
D:2:      minmay_recursive_quarters, layout_basic
D:3:      layout_loops_ring, hellmonk_ecumenical_altar_watching_god,
          uniq_grinder, uniq_sigmund

Skill      XL: |  1  2  3 |
---------------+----------+-----
Axes           | 2 |  2.7
Armour         | 4 |  4.1
Fighting       | |  3.6
Shields        | |  3.7

Action                   |  1- 3 |  4- 6 || total
-------------------------+-------+-------++-------
Melee: War axe           |   105 |    19 ||   124
  Use: Scroll            |     3 |     1 ||     4
Armor: Scale mail        |    67 |     9 ||    76
Dodge: Dodged            |    82 |     8 ||    90
Block: Buckler           |    27 |     6 ||    33

Table legend: (Time is in decaauts)
 A = Elapsed time spent in this place.
 B = Non-inter-level travel time spent in this place.
 C = Inter-level travel time spent in this place.
 D = Time resting spent in this place.
 E = Time spent auto-exploring this place.
 F = Levels seen in this place.
 G = Mean time per level.
                   A        B        C        D        E       F      G
               +--------+--------+--------+--------+--------+-----+--------+
         Total |   1786 |   1762 |     24 |      0 |   1382 |   3 |  595.3 |
       Dungeon |   1786 |   1762 |     24 |      0 |   1382 |   3 |  595.3 |
               +--------+--------+--------+--------+--------+-----+--------+

Top non-repeatable levels by time:
     D:2: 995 daAuts
     D:1: 691 daAuts
     D:3: 99 daAuts
